 Dungeon Crawl Stone Soup version 0.30-a0-390-g80c34de65d (webtiles) character file.

Game seed: 13148828800762383009

177 oldriver the Grave Robber (level 5, -1/41 HPs)
             Began as a Mummy Necromancer on Dec 5, 2022.
             Slain by an ufetubus (3 damage)
             ... on level 3 of the Dungeon.
             The game lasted 00:02:39 (3098 turns).

oldriver the Grave Robber (Mummy Necromancer)       Turns: 3098, Time: 00:02:40

Health: -1/41      AC:  2    Str: 11    XL:     5   Next: 30%
Magic:  11/12      EV: 12    Int: 16    God:
Gold:   104        SH:  0    Dex: 13    Spells: 5/13 levels left

rFire   x . .      SeeInvis .    k - +5 club
rCold   + + .      Faith    +    (no shield)
rNeg    + + +      Spirit   .    a - +0 robe
rPois   ∞          Reflect  .    (no helmet)
rElec   .          Harm     .    (no cloak)
rCorr   .          Rampage  .    (no gloves)
Will    .....                    (no boots)
Stlth   ++........               (no amulet)
HPRegen 0.26/turn                c - ring of protection from cold
MPRegen 0.13/turn                (no ring)

@: no status effects
A: cold resistance 1, negative energy resistance 3, torment resistance 2, heat
vulnerability 1, in touch with death 1, no potions, faith
a: no special abilities


You were on level 3 of the Dungeon.
You visited 1 branch of the dungeon, and saw 3 of its levels.

You collected 104 gold pieces.

Inventory:

Hand Weapons
 k - a +5 club (weapon)
Armour
 a - a +0 robe (worn)
Jewellery
 c - a ring of protection from cold (left hand)
Wands
 e - a wand of paralysis (7)
 j - a wand of iceblast (17)
Scrolls
 b - a scroll of fear {unknown}
 d - 4 scrolls of identify {unknown}
 f - 3 scrolls of butterflies {unknown}
 g - a scroll of silence {unknown}
 h - 2 scrolls of blinking {unknown}
 i - a scroll of teleportation {unknown}
 l - a scroll of poison {unknown}


   Skills:
 + Level 3.0 Fighting
 - Level 1.5 Dodging
 - Level 1.5 Stealth
 + Level 4.6 Spellcasting
 + Level 4.7 Necromancy


You had 5 spell levels left.
You knew the following spells:

 Your Spells              Type           Power      Damage    Failure   Level
a - Necrotise             Necr           100%       1d9       2%          1
b - Vampiric Draining     Necr           28%        2d8       7%          3
c - Animate Dead          Necr           28%        N/A       22%         4

Your spell library contained the following spells:

 Spells                   Type           Power      Damage    Failure   Level
 Freeze                   Ice            12%        1d3       16%         1
 Frozen Ramparts          Ice            6%         1d1       43%         3
 Hailstorm                Conj/Ice       3%         3d3       43%         3
 Portal Projectile        Hex/Tloc       6%         N/A       43%         3
 Tukima's Dance           Hex            3%         N/A       43%         3
 Agony                    Necr           28%        N/A       52%         5
 Blade Hands              Tmut           Unusable   N/A       N/A         5

Dungeon Overview and Level Annotations

Branches:
Dungeon (3/15)

Altars:
Xom


Innate Abilities, Weirdness & Mutations

You are immune to poison.
Your flesh is cold resistant. (rC+)
You are immune to negative energy. (rN+++)
You are immune to unholy pain and torment.
You are vulnerable to heat. (rF-)
You are in touch with the powers of death.
You do not drink.
You have a special connection with the divine. (Faith)


Message History

You kill the quokka!
The dead are hopping!
The ufetubus closely misses your quokka skeleton.
The ufetubus hits your quokka skeleton. x3
Your quokka skeleton is destroyed!
Your Fighting skill increases to level 3!
Casting: Necrotise (safe; 2% risk of failure)
Confirm with . or Enter, or press ? or * to list all spells.
You can't see any susceptible monsters within range! (Use Z to cast anyway.) Unknown command.
Casting: Necrotise (safe; 2% risk of failure)
Confirm with . or Enter, or press ? or * to list all spells.
You can't see any susceptible monsters within range! (Use Z to cast anyway.)
Casting: Necrotise (safe; 2% risk of failure)
Confirm with . or Enter, or press ? or * to list all spells.
Okay, then.
You hit the ufetubus but do no damage. The ufetubus barely misses you. x3
The ufetubus closely misses you.
You hit the ufetubus.
The ufetubus is heavily wounded.
The ufetubus barely misses you. x2; The ufetubus closely misses you. x2
You completely miss the ufetubus.
The ufetubus is heavily wounded.
The ufetubus misses you. The ufetubus hits you.
* * * LOW HITPOINT WARNING * * *
The ufetubus barely misses you. x2
You barely miss the ufetubus.
The ufetubus is heavily wounded.
The ufetubus barely misses you. The ufetubus hits you.
* * * LOW HITPOINT WARNING * * *
The ufetubus closely misses you. The ufetubus hits you.
* * * LOW HITPOINT WARNING * * *
You barely miss the ufetubus.
The ufetubus is heavily wounded.
The ufetubus hits you.
* * * LOW HITPOINT WARNING * * *
The ufetubus hits you.
* * * LOW HITPOINT WARNING * * *
The ufetubus closely misses you. The ufetubus hits you.
You die...

.............#.# ###.# #.#
.........##....# #...# #.#
###.#######.#.># #.### #.# #
#.# #.#..# #.# #.# # #.#
#.#..# #.# #.# #.# ####....#
#.# #.# #.#..........# #.#
#.# ###.. #..##..#######.#
#.# ... ##.......5@....# #.#
.# #..###..######.# #.# .#
..# #..# #.# #.# .# #.#
#..######.# #.# .#
#.###........)# #.#
########.#.#>.######.#####.#
##...!.............>.......#
...........##........#######
...###################


You could see an ufetubus.

Vanquished Creatures
  A hound (D:3)
  Ijyb (D:3)
  5 adders
  7 orcs (D:3)
  7 endoplasms
  4 giant cockroaches
  4 goblins
  8 hobgoblins
  5 kobolds
  5 quokkas
  5 ball pythons
  4 bats (D:1)
  5 frilled lizards
  2 rats
63 creatures vanquished.

Vanquished Creatures (collateral kills)
  A bat (D:1)
  A goblin (D:1)
2 creatures vanquished.

Grand Total: 65 creatures vanquished

Notes
Turn   | Place    | Note
-------+----------+-------------------------------------------
     0 | D:1      | oldriver the Mummy Necromancer began the quest for the Orb.
     0 | D:1      | Reached XP level 1. HP: 13/13 MP: 4/4
   132 | D:1      | Reached skill level 1 in Fighting
   185 | D:1      | Reached XP level 2. HP: 21/21 MP: 4/6
   971 | D:1      | Gained mutation: You are in touch with the powers of death.
                  | [Mummy growth]
   971 | D:1      | Reached XP level 3. HP: 25/27 MP: 2/8
  1640 | D:2      | Found a shimmering altar of Xom.
  1918 | D:2      | Reached XP level 4. HP: 29/33 MP: 6/10
  2027 | D:2      | Learned a level 3 spell: Vampiric Draining
  2032 | D:2      | Learned a level 4 spell: Animate Dead
  2486 | D:3      | Noticed Ijyb
  2503 | D:3      | Killed Ijyb
  2905 | D:3      | Reached XP level 5. HP: 39/39 MP: 7/11
  3098 | D:3      | HP: 2/41 [ufetubus (4)]
  3098 | D:3      | Slain by an ufetubus

Illustrated notes

Levels and vault maps discovered:
D:1:      dpeg_arrival_connections, layout_loops_corners, serial_rivers,
          chequers_serial_rivers_marsh, chequers_serial_rivers_micro_b,
          chequers_serial_rivers_micro_b, chequers_serial_rivers_large_a
D:2:      layout_loops_ring, basic_altar, kennysheep_generic_room_6
D:3:      layout_loops_ring, uniq_sigmund, uniq_ijyb, uniq_natasha

Skill      XL: |  1  2  3  4  5 |
---------------+----------------+-----
Spellcasting   | 3 4 |  4.6
Fighting       | 1 2 3 |  3.0
Dodging        | |  1.5
Stealth        | |  1.5
Necromancy     | |  4.7

Action                   |  1- 3 |  4- 6 || total
-------------------------+-------+-------++-------
Melee: Unarmed           |     4 |       ||     4
       Short sword       |       |     7 ||     7
       Club              |       |    10 ||    10
 Cast: Necrotise         |    81 |    45 ||   126
       Vampiric Draining |       |     1 ||     1
Armor: Robe              |     8 |     1 ||     9
Dodge: Dodged            |    33 |    40 ||    73

Table legend: (Time is in decaauts)
 A = Elapsed time spent in this place.
 B = Non-inter-level travel time spent in this place.
 C = Inter-level travel time spent in this place.
 D = Time resting spent in this place.
 E = Time spent auto-exploring this place.
 F = Levels seen in this place.
 G = Mean time per level.
                   A        B        C        D        E       F      G
               +--------+--------+--------+--------+--------+-----+--------+
         Total |   3109 |   3093 |     16 |    186 |   2492 |   3 | 1036.3 |
       Dungeon |   3109 |   3093 |     16 |    186 |   2492 |   3 | 1036.3 |
               +--------+--------+--------+--------+--------+-----+--------+

Top non-repeatable levels by time:
     D:1: 1484 daAuts
     D:2: 871 daAuts
     D:3: 752 daAuts
